 Dungeon Crawl Stone Soup version bcrawl-1.20 (webtiles) character file.

Game seed: 1143717985578244632

199 MisterOstroum the Chopper (level 5, 0/45 HPs)
             Began as a Centaur Wanderer on Jan 20, 2020.
             Was an Initiate of the Shining One.
             Hit by a tomahawk of dispersal thrown by an orc warrior (14 damage)
             ... on level 3 of the Dungeon.
             The game lasted 00:10:53 (2984 turns).

MisterOstroum the Chopper (Centaur Wanderer)        Turns: 2984, Time: 00:10:54

Health: 0/45       AC:  4    Str: 18    XL:     5   Next: 48%
Magic:  6/6        EV:  9    Int: 10    God:    the Shining One [......]
Gold:   88         SH:  0    Dex:  7    Spells: 3/6 levels left

rFire    . . .     SeeInvis .   h - +1 whip (venom)
rCold    . . .     Gourm    .   (no shield)
rNeg     . . .     Faith    .   o - +0 leather armour
rPois    .         Spirit   .   (no helmet)
rElec    .         Reflect  .   (no cloak)
rCorr    +         Harm     .   (no gloves)
MR       .....                  (no barding)
Stlth    +.........             (no amulet)
HPRegen  0.15/turn              s - ring of resist corrosion
MPRegen  0.10/turn              (no ring)

@: glowing, very quick
A: large, hooves 3, deformed body, speed 2, tough skin 3
a: Renounce Religion


You were on level 3 of the Dungeon.
You worshipped the Shining One.
The Shining One was noncommittal.
You were very hungry.

You visited 1 branch of the dungeon, and saw 3 of its levels.

You collected 88 gold pieces.

Inventory:

Hand Weapons
 a - a +2 hand axe
 f - a +2 dagger of holy wrath
 g - a +1 dagger of speed
 h - a +1 whip of venom (weapon)
 m - a +0 war axe
Missiles
 b - 367 stones
 p - 110 tomahawks (quivered)
Armour
 d - a +0 robe
 o - a +0 leather armour (worn)
Jewellery
 s - a ring of resist corrosion (left hand)
 t - an uncursed ring of teleportation
Scrolls
 k - a scroll of magic mapping {unknown}
 n - a scroll of enchant armour {unknown}
 q - 2 scrolls of teleportation {unknown}
 r - a scroll of enchant weapon {unknown}
Potions
 c - a potion of flight
 j - a potion of invisibility
 l - 3 potions of mutation
Comestibles
 e - 3 rations {!d}


   Skills:
 * Level 3.2 Fighting
 * Level 3.9 Axes
 - Level 1.1 Throwing
 - Level 1.1 Armour
 + Level 1.4 Dodging
 - Level 1.0 Stealth
 - Level 1.0 Spellcasting
 + Level 1.4 Translocations
   Level 1.7 Transmutations


You had 3 spell levels left.
You knew the following spells:

 Your Spells              Type           Power        Failure   Level  Hunger
a - Magic Dart            Conj           #...         38%         1    ##.....
B - Blink                 Tloc           N/A          34%         2    ###....

Your spell library contained the following spells:

 Spells                   Type           Power        Failure   Level  Hunger
 Call Imp                 Summ           #.....       52%         2    ###....
 Spider Form              Tmut/Pois      #..          65%         3    ####...
 Conjure Flame            Conj/Fire      #.......     77%         3    ####...
 Mephitic Cloud           Conj/Pois/Air  #.......     77%         3    ####...


Dungeon Overview and Level Annotations

Branches:
Dungeon (3/12)

Altars:
Makhleb
Yredelemnul
The Shining One

Annotations:
D:2 Sigmund


Innate Abilities, Weirdness & Mutations

You have hooves in place of feet.
Armour fits poorly on your strangely shaped body.
You cover ground very quickly.
You have extremely tough skin. (AC +3)


Message History

There is a stone staircase leading down here.
Found a stone staircase leading up.
HP restored.
There is a stone staircase leading up here.
An orc comes into view. It is wielding a +1 whip of venom.
The orc shouts!
The orc warrior throws a tomahawk of dispersal.
The tomahawk of dispersal hits you.
You blink.
There are monsters nearby!
There are monsters nearby!
Throwing (i - inventory. (/) - cycle)
p - 112 tomahawks (quivered)
Press: ? - help, Shift-Dir - straight line, f - orc warrior
Aim: an orc warrior, wielding a +0 war axe, wearing a +0 plate armour and quivering 114 tomahawks of dispersal You throw a tomahawk.
The tomahawk closely misses the orc warrior.
The orc warrior throws a tomahawk of dispersal.
The tomahawk of dispersal barely misses you.
Throwing (i - inventory. (/) - cycle)
p - 111 tomahawks (quivered)
Press: ? - help, Shift-Dir - straight line, f - orc
Aim: an orc, wielding a +1 whip of venom You throw a tomahawk.
The tomahawk hits the orc!
You kill the orc!
Throwing (i - inventory. (/) - cycle)
p - 110 tomahawks (quivered)
Press: ? - help, Shift-Dir - straight line, f - you
Okay, then.
Press: ? - help, v - describe, . - travel, g - get item A +1 whip of venom.
There is something else lying underneath.
The floor.
Unknown command.
The orc warrior hits you with a +0 war axe!
The orc warrior barely misses you.
Things that are here:
a +1 whip of venom; an orc corpse
h - a +1 whip of venom The orc warrior barely misses you.
Unknown command.
Wield which item (- for none, * to show all)? (? for menu, Esc to quit)
Your +1 whip of venom begins to drip with poison!
h - a +1 whip of venom (weapon)
You barely miss the orc warrior.
The orc warrior hits you with a +0 war axe!
You hit the orc warrior but do no damage.
The orc warrior is poisoned.
Your kick misses the orc warrior. The orc warrior barely misses you.
There is a stone staircase leading up here.
The orc warrior throws a tomahawk of dispersal.
The tomahawk of dispersal closely misses you.
You climb upwards.
Level annotation: Sigmund Sigmund shouts!
Sigmund hits you from afar with a +0 scythe!
There is a stone staircase leading down here.
There is a stone staircase leading up, spattered with blood here.
You climb upwards.
There is a stone staircase leading down here.
There is a stone staircase leading down here.
Things that are here:
an uncursed ring of teleportation; a -3 ring of evasion
t - an uncursed ring of teleportation You start resting.
You are feeling very hungry.
You start resting.
HP restored.
You start resting.
HP restored.
You climb downwards.
Level annotation: Sigmund
There is a stone staircase leading up here.
Unknown command.
Unknown command.
There is a stone staircase leading down here.
You climb downwards.
There is a stone staircase leading up here.
The orc warrior hits you with a +0 war axe!!
You see here 42 poisoned needles.
You closely miss the orc warrior. Your kick misses the orc warrior.
The orc warrior hits you but does no damage.
You barely miss the orc warrior. The orc warrior barely misses you.
You hit the orc warrior but do no damage.
The orc warrior is poisoned.
You closely miss the orc warrior. The orc warrior closely misses you.
You hit the orc warrior.
The orc warrior looks more poisoned.
The orc warrior is lightly wounded.
The orc warrior hits you with a +0 war axe!
* * * LOW HITPOINT WARNING * * *
You aren't carrying any items that you can evoke.
Unknown command.
Okay, then.
As you read the scroll of identify {@r1}, it crumbles to dust.
j - a potion of invisibility The orc warrior throws a tomahawk of dispersal.
The tomahawk of dispersal closely misses you.
Okay, then.
Really renounce your faith, foregoing its fabulous benefits?
Okay, then.
Unknown command.
The orc warrior throws a tomahawk of dispersal.
The tomahawk of dispersal hits you!
You die...

..#..............#...#
....o............#...#
....P.P..######..#...# ##.o_).†#
#..#...# ### ## #.P.P.## #.....#
#..###.# #...o.# #....## #.#.#.##
#(##.## ###...### #.#..... #...)#
#.......## ##<#.#...
######)######...@....# ##.#......
.....).........#<##o.###.###.....
######.#####...#÷....##.## ##....
#)#####..)#.(#....## ##...
#§##............##.# ##.###
#.##.##.#....)..# #.###.##
#.##.##.#.##.#.## #.#.##
#.......#.##.#.# #.##
#######.#.#..#.# ##.#


You could see an orc warrior.

Vanquished Creatures
  A jelly (D:2)
  An orc priest (D:3)
  Terence (D:2)
  2 adders
  An ooze (D:2)
  4 worms
  4 dart slugs
  3 leopard geckos
  7 orcs (D:3)
  A ball python (D:2)
  3 giant cockroaches
  6 goblins
  5 hobgoblins
  10 kobolds
  A quokka (D:1)
  8 bats
  5 frilled lizards
  8 rats
71 creatures vanquished.

Notes
Turn   | Place    | Note
-------+----------+-------------------------------------------
     0 | D:1      | MisterOstroum the Centaur Wanderer began the quest for the
                  | Orb.
     0 | D:1      | MisterOstroum set off with the following items: a +2 hand
                  | axe, a potion of flight, a +0 robe, a ration {!d}; and the
                  | following spell memorised: Magic Dart; and the following
                  | spells available to memorise: Blink, Call Imp, Spider Form,
                  | Conjure Flame, Mephitic Cloud
     0 | D:1      | Reached XP level 1. HP: 16/16 MP: 2/2
   104 | D:1      | Reached XP level 2. HP: 11/23 MP: 3/3
   108 | D:1      | Learned a level 2 spell: Blink
   564 | D:1      | Reached XP level 3. HP: 29/29 MP: 4/4
   963 | D:2      | Noticed Sigmund
  1228 | D:2      | Noticed Terence
  1307 | D:2      | Reached skill level 1 in Dodging
  1307 | D:2      | Reached XP level 4. HP: 30/37 MP: 5/5
  1416 | D:2      | Killed Terence
  1416 | D:2      | Reached skill level 1 in Translocations
  1500 | D:2      | Found a glowing golden altar of the Shining One.
  1510 | D:2      | Became a worshipper of the Shining One
  1573 | D:2      | Found a burning altar of Makhleb.
  2223 | D:3      | Reached XP level 5. HP: 41/44 MP: 6/6
  2246 | D:3      | Found a basalt altar of Yredelemnul.
  2614 | D:3      | Noticed an orc warrior
  2984 | D:3      | Hit by a tomahawk of dispersal thrown by an orc warrior

Skill      XL: |  1  2  3  4  5 |
---------------+----------------+-----
Axes           | 3 |  3.9
Fighting       | 2 3 |  3.2
Dodging        | 1 |  1.4
Translocations | 1 |  1.4
Throwing       | |  1.1
Armour         | |  1.1
Stealth        | |  1.0
Spellcasting   | |  1.0
Transmutations | |  1.7

Action                   |  1- 3 |  4- 6 || total
-------------------------+-------+-------++-------
Melee: Hand axe          |    90 |    60 ||   150
       Kick              |    17 |    16 ||    33
       Whip              |       |     7 ||     7
       War axe           |       |     7 ||     7
Throw: Stone             |     3 |       ||     3
       Tomahawk          |     2 |    25 ||    27
 Cast: Magic Dart        |     2 |       ||     2
  Use: Scroll            |       |     3 ||     3
  Eat: Chunk             |     1 |     3 ||     4
Armor: Robe              |    39 |    19 ||    58
       Leather armour    |       |     3 ||     3
Dodge: Dodged            |    44 |    30 ||    74
